 Dungeon Crawl Stone Soup version 0.30.1-4-g462c640d31 (webtiles) character file.

Game seed: 2661034798119716511

24700 Almogavar the Severer (level 13, 0/130 HPs)
             Began as a Hill Orc Fighter on Aug 24, 2023.
             Was an Elder of Makhleb.
             Slain by a blink frog (8 damage)
             ... on level 5 of the Lair of Beasts.
             The game lasted 00:31:40 (11471 turns).

Almogavar the Severer (Hill Orc Fighter)           Turns: 11471, Time: 00:31:41

Health: 0/130      AC: 20    Str: 26    XL:     13   Next: 14%
Magic:  13/13      EV: 10    Int:  8    God:    Makhleb [****..]
Gold:   861        SH:  5    Dex: 10    Spells: 12/12 levels left

rFire   + . .        o - +5 war axe of Guilt {flame, rF+}
rCold   . . .        c - +0 buckler
rNeg    + . .        G - +0 acid dragon scales
rPois   .            M - +2 helmet
rElec   .            k - +2 cloak
rCorr   +            (no gloves)
SInv    .            (no boots)
Will    .....        x - amulet of regeneration
Stlth   +            r - ring "Byliarcho" {rN+ rCorr Str+2}
HPRegen 1.21/turn    K - +4 ring of protection
MPRegen 0.13/turn

%: no passive effects
@: no status effects
A: no striking features
a: Renounce Religion, Minor Destruction, Lesser Servant of Makhleb, Major
Destruction


You were on level 5 of the Lair of Beasts.
You worshipped Makhleb.
Makhleb was greatly pleased with you.
You visited 2 branches of the dungeon, and saw 15 of its levels.
You also visited: Sewer.

You collected 1011 gold pieces.
You spent 150 gold pieces at shops.

Inventory:

Hand Weapons
 o - the +5 war axe of Guilt (weapon) {flame, rF+}
   (You found it on level 2 of the Dungeon)

   rF:        It protects you from fire.
Missiles
 p - 2 throwing nets (quivered)
Armour
 c - a +0 buckler (worn)
 k - a +2 cloak (worn)
 w - an orb of wrath
 G - +0 acid dragon scales (worn)
 J - +0 steam dragon scales
 M - a +2 helmet (worn)
 U - a +0 chain mail
Jewellery
 b - a ring of positive energy
 g - a ring of resist corrosion
 r - the ring "Byliarcho" (left hand) {rN+ rCorr Str+2}
   (You found it in a sewer)

   [ring of positive energy]

   Str:       It affects your strength (+2).
   rN:        It protects you from negative energy.
   rCorr:     It protects you from acid and corrosion.
 x - an amulet of regeneration (around neck)
 I - a ring of magical power
 K - a +4 ring of protection (right hand)
 Q - a ring of ice
 S - an amulet of reflection
 W - a +5 ring of evasion
 Y - a ring of fire
Wands
 t - a wand of charming (20)
 A - a wand of flame (15)
 B - a wand of iceblast (20)
 D - a wand of light (8)
 V - a wand of polymorph (6)
Scrolls
 a - 8 scrolls of amnesia
 m - 2 scrolls of fog
 n - a scroll of butterflies {unknown}
 q - 3 scrolls of immolation
 s - 3 scrolls of magic mapping
 u - a scroll of brand weapon {unknown}
 v - 3 scrolls of fear {unknown}
 y - 4 scrolls of enchant weapon {unknown}
 C - 2 scrolls of noise {unknown}
 E - a scroll of poison {unknown}
 L - 2 scrolls of enchant armour {unknown}
 N - a scroll of teleportation {unknown}
Potions
 d - 4 potions of might
 e - 2 potions of lignification
 h - 7 potions of curing
 j - 3 potions of flight
 l - 7 potions of haste
 z - a potion of magic {unknown}
 F - a potion of invisibility {unknown}
 H - a potion of ambrosia {unknown}
 P - 2 potions of berserk rage {unknown}
 R - 2 potions of mutation {unknown}
 T - a potion of brilliance {unknown}
 X - a potion of cancellation {unknown}
Miscellaneous
 O - a piece from Xom's chessboard (15/15)


   Skills:
 + Level 16.7 Fighting
 - Level 16.8 Axes
 + Level 11.0 Armour
 - Level 5.1 Shields
 + Level 0.1 Invocations
 * Level 3.4 Evocations


You had 12 spell levels left.
You didn't know any spells.
Your spell library contained the following spells:

 Spells                   Type           Power      Damage    Failure   Level
 Necrotise                Necr           0%         1d4       52%         1
 Summon Small Mammal      Summ           0%         N/A       52%         1
 Poisonous Vapours        Pois/Air       0%         N/A       65%         2
 Static Discharge         Conj/Air       0%         2-2/arc   65%         2
 Sublimation of Blood     Necr           0%         N/A       65%         2
 Call Canine Familiar     Summ           0%         N/A       87%         3
 Gell's Gravitas          Tloc           0%         N/A       87%         3
 Mephitic Cloud           Conj/Pois/Air  0%         N/A       87%         3
 Summon Guardian Golem    Hex/Summ       0%         N/A       87%         3
 Teleport Other           Tloc           0%         N/A       87%         3
 Vampiric Draining        Necr           0%         2d6       87%         3
 Airstrike                Air            0%         2d(0-16)  99%         4
 Petrify                  Tmut/Erth      0%         N/A       99%         4
 Summon Lightning Spire   Summ/Air       0%         N/A       99%         4
 Agony                    Necr           0%         N/A       100%        5
 Freezing Cloud           Conj/Ice/Air   0%         6-21      100%        5
 Irradiate                Conj/Tmut      0%         3d11      100%        5
 Metabolic Englaciation   Hex/Ice        0%         N/A       100%        5
 Dispersal                Tloc           0%         N/A       100%        6
 Statue Form              Tmut/Erth      0%         N/A       100%        6


Dungeon Overview and Level Annotations

Branches:
Dungeon (10/15)            Temple (0/1) D:7            Lair (5/5) D:8
  Swamp (0/4) Lair:2        Snake (0/4) Lair:2          Orc (0/2) D:9
  Sewer (visited)
  Slime: Lair:4-5

Altars:
Dithmenos
Makhleb
Nemelex Xobeh
Wu Jian
Zin

Shops:
D:6 [   D:8 !   D:10 =(

Annotations:
Lair:5 Nessos


Message History

You feel very sick.
Nessos is no longer moving quickly.
You feel very sick.
Nessos shoots an arrow.
The arrow hits you!
* * * LOW HITPOINT WARNING * * *
The arrow burns you.
You are lethally poisoned!
* * * LOW HITPOINT WARNING * * *
Nessos mumbles some strange words.
Nessos blinks!
You feel much better.
* * * LOW HITPOINT WARNING * * *
You feel extremely sick.
Nessos shoots an arrow.
You block the arrow.
* * * LOW HITPOINT WARNING * * *
You feel very sick.
Nessos gestures wildly while chanting.
Nessos blinks!
You feel much better.
You feel very sick.
The blink frog hits you but does no damage.
Nessos shoots an arrow.
The arrow hits you!
* * * LOW HITPOINT WARNING * * *
The arrow burns you.
* * * LOW HITPOINT WARNING * * *
You feel very sick. You block the blink frog's attack.
Nessos shoots an arrow.
The arrow hits you!
* * * LOW HITPOINT WARNING * * *
There is a stone staircase leading up here.
Unknown command.
You feel better. The water moccasin barely misses you.
You block the blink frog's attack. The black mamba closely misses you.
Nessos mumbles some strange words.
Nessos blinks!
The water moccasin bites you but does no damage.
You block the black mamba's attack. The blink frog hits you.
* * * LOW HITPOINT WARNING * * *
The water moccasin misses you. You block the black mamba's attack.
The blink frog hits you!
You die...

##................
P...<.............
#.................
##....................
#.......c.............
##...#...#............
#P..#.S..P......$.....
#....@F......)........
###....S†..†...........
#.......†..†.......P...
##...#.......#......P#
#...##########.....##
##..#####.## #.S.[####
#....#.###.###.P.....#
##......§§§§§.........
#P......§§§S..........


You could see Nessos (inner flame), a black mamba (inner flame), a blink frog
and a water moccasin.

Vanquished Creatures
  Fannar (Lair:2)
  2 catoblepae
  2 boulder beetles
  Sonja (D:10)
  Nergalle (Lair:2)
  A cyclops (D:9)
  A salamander (Lair:2)
  5 elephants (Lair:5)
  Joseph (D:7)
  A torpor snail (Lair:3)
  9 cane toads
  An unseen horror (D:10)
  A rime drake (Lair:4)
  8 komodo dragons
  A hornet (D:8)
  A polar bear (Lair:5)
  5 blink frogs
  A shadow (D:10)
  Eustachio (D:6)
  A wraith (D:10)
  A basilisk (Lair:5)
  23 yaks
  3 wyverns
  3 steam dragons
  2 acid dragons (D:9)
  10 water moccasins
  2 orc warriors
  An ice beast (D:6)
  2 black bears
  An ogre (D:5)
  6 centaurs
  2 phantoms (D:5)
  6 scorpions
  15 bullfrogs
  A gnoll sergeant (D:9)
  18 wights
  4 killer bees (D:9)
  An electric eel (Lair:2)
  A howler monkey (D:5)
  A jelly (D:6)
  6 lava snakes (Lair:2)
  4 orc priests
  2 hounds
  A sleepcap (D:6)
  6 iguanas
  7 orc wizards
  A centaur simulacrum (D:9)
  7 gnolls
  8 adders
  A shadow imp (D:6)
  2 white imps (D:7)
  3 ufetubi
  2 worms
  A dart slug (D:1)
  25 orcs
  13 ball pythons
  9 endoplasms
  10 giant cockroaches
  6 goblins
  6 hobgoblins
  2 jackals (D:2)
  11 quokkas
  3 bats
  7 frilled lizards
  7 kobolds
  2 rats
300 creatures vanquished.

Vanquished Creatures (collateral kills)
  A boulder beetle (Lair:5)
1 creature vanquished.

Grand Total: 301 creatures vanquished

Notes
Turn   | Place    | Note
-------+----------+-------------------------------------------
     0 | D:1      | Almogavar the Hill Orc Fighter began the quest for the Orb.
     0 | D:1      | Reached XP level 1. HP: 19/19 MP: 1/1
   106 | D:1      | Reached XP level 2. HP: 27/27 MP: 2/2
   890 | D:2      | Reached XP level 3. HP: 33/33 MP: 3/3
  1264 | D:2      | Identified the +5 war axe of Guilt {flame, rF+}
  1670 | D:3      | Reached XP level 4. HP: 40/40 MP: 4/4
  1765 | D:3      | Found a glowing drain.
  1777 | Sewer    | Entered a sewer
  2078 | Sewer    | Reached XP level 5. HP: 46/47 MP: 5/5
  2116 | Sewer    | Reached skill level 5 in Axes
  2116 | Sewer    | Reached XP level 6. HP: 46/53 MP: 6/6
  2144 | Sewer    | Identified the ring "Byliarcho" {rN+ rCorr Str+2}
  2291 | D:4      | Found a burning altar of Makhleb.
  2291 | D:4      | Found a sparkling altar of Nemelex Xobeh.
  2291 | D:4      | Found a shadowy altar of Dithmenos.
  2297 | D:4      | Became a worshipper of Makhleb the Destroyer
  2499 | D:4      | Found a glowing silver altar of Zin.
  3006 | D:5      | Entered Level 5 of the Dungeon
  3011 | D:5      | Reached skill level 5 in Fighting
  3011 | D:5      | Reached XP level 7. HP: 61/61 MP: 7/7
  3016 | D:5      | Reached * piety under Makhleb
  3252 | D:5      | Reached skill level 5 in Armour
  3252 | D:5      | Reached XP level 8. HP: 51/70 MP: 8/8
  3494 | D:6      | Reached skill level 10 in Axes
  3634 | D:6      | Noticed Eustachio
  3645 | D:6      | Killed Eustachio
  3707 | D:6      | Reached XP level 9. HP: 79/79 MP: 9/9
  3720 | D:6      | Reached ** piety under Makhleb
  3929 | D:6      | Reached skill level 5 in Shields
  3997 | D:6      | Found Zuk Pel's Armour Emporium.
  4170 | D:6      | Found an ornate altar of the Wu Jian Council.
  4362 | D:7      | Found a staircase to the Ecumenical Temple.
  4610 | D:7      | Noticed Joseph
  4624 | D:7      | Killed Joseph
  5193 | D:8      | Found Haulluew's Distillery.
  5198 | D:8      | Bought a potion of heal wounds for 50 gold pieces
  5198 | D:8      | Bought a potion of haste for 100 gold pieces
  5851 | D:8      | Reached XP level 10. HP: 88/88 MP: 10/10
  5969 | D:8      | Paralysed by a hornet for 2 turns
  6037 | D:8      | Found a staircase to the Lair.
  6267 | D:9      | Found a staircase to the Orcish Mines.
  6759 | D:9      | Noticed a cyclops
  6771 | D:9      | Reached *** piety under Makhleb
  6773 | D:9      | Killed a cyclops
  7018 | D:10     | Entered Level 10 of the Dungeon
  7018 | D:10     | Found Unonub's Jewellery Boutique.
  7070 | D:10     | Killed an unseen horror
  7177 | D:10     | Reached XP level 11. HP: 99/99 MP: 11/11
  7195 | D:10     | Noticed Sonja
  7201 | D:10     | Killed Sonja
  7202 | D:10     | Reached skill level 10 in Fighting
  7202 | D:10     | Reached skill level 15 in Axes
  7539 | D:10     | Found Hoqoot's Weapon Shoppe.
  7859 | Lair:1   | Entered Level 1 of the Lair of Beasts
  7967 | Lair:1   | Noticed a boulder beetle
  7988 | Lair:1   | Killed a boulder beetle
  8070 | Lair:1   | You fall into a shaft and drop 1 floor!
  8076 | Lair:2   | Found a staircase to the Snake Pit.
  8076 | Lair:2   | Noticed a salamander
  8088 | Lair:2   | Killed a salamander
  8088 | Lair:2   | Reached **** piety under Makhleb
  8167 | Lair:2   | Noticed Nergalle
  8180 | Lair:2   | Killed Nergalle
  8181 | Lair:2   | Reached skill level 10 in Armour
  8181 | Lair:2   | Reached skill level 1 in Evocations
  9228 | Lair:2   | Noticed Fannar
  9238 | Lair:2   | Killed Fannar
  9398 | Lair:2   | Found a staircase to the Swamp.
  9446 | Lair:2   | Reached XP level 12. HP: 112/112 MP: 12/12
  9928 | Lair:3   | Noticed a catoblepas
 10062 | Lair:3   | Killed a catoblepas
 10686 | Lair:4   | Identified the +7 short sword "Vuceona" {freeze, rF+ Will-
                  | Int+3}
 10733 | Lair:4   | Noticed a catoblepas
 10749 | Lair:4   | Killed a catoblepas
 10851 | Lair:4   | Reached skill level 15 in Fighting
 11282 | Lair:5   | Entered Level 5 of the Lair of Beasts
 11284 | Lair:5   | Noticed a boulder beetle
 11310 | Lair:5   | Killed a boulder beetle
 11311 | Lair:5   | Reached XP level 13. HP: 54/129 MP: 13/13
 11434 | Lair:5   | Noticed Nessos
 11465 | Lair:5   | HP: 3/130 [Nessos/arrow (13)]
 11471 | Lair:5   | Slain by a blink frog

Illustrated notes

Levels and vault maps discovered:
D:1:      heliophobic_arrival_henge, layout_basic, minmay_tree_intersection,
          kennysheep_boxes
D:2:      layout_loops_ring, serial_glass, glass_columns_a, glass_columns_c,
          minmay_misc_feat_alley, chequers_serial_rivers_large_b,
          nicolae_elevator_lobby_asterisk
D:3:      layout_basic, portal_sewer_entry_d, nicolae_titane
D:4:      layout_cave_pools, gammafunk_temple_overflow_forgotten,
          kennysheep_little_box, serial_rivers, chequers_serial_rivers_marsh,
          chequers_serial_rivers_micro_e, chequers_serial_rivers_micro_a,
          chequers_serial_rivers_room_a, chequers_serial_rivers_room_b
D:5:      layout_basic, chequers_garden
D:6:      layout_loops_ring, mainiacjoe_overflow_alcove_1, serial_shops,
          nicolae_shop_rolling_square, st_stairs_9, uniq_eustachio
D:7:      layout_loops_ring, minmay_temple_entry_offerings, uniq_joseph
D:8:      layout_basic, lair_entry_dummy, serial_corexii_hall,
          corexii_hall_statues_u, chequers_hall_statues_wall_a, serial_shops,
          shop
D:9:      minmay_slanted_spiral_squares, layout_stronghold, orc_0_dummy
D:10:     layout_big_octagon, serial_shops, shop, minmay_stone_trees_large,
          nicolae_take_the_stairs, nicolae_hexahallways, uniq_sonja
Lair:1:   layout_layer_cave
Lair:2:   layout_gridlike, swamp_mist_pool, nicolae_snake_entry_warm_welcome,
          uniq_nergalle, uniq_fannar
Lair:3:   layout_regular_city, grunt_megastairs_1, infiniplex_staircase_pool_2
Lair:4:   layout_misc_corridors
Lair:5:   hangedman_lair_tendril_chambers, layout_long_grid, wormcave,
          minmay_slime_entry_oklob_open, uniq_nessos

Skill      XL: |  1  2  3  4  5  6  7  8  9 10 11 12 13 |
---------------+----------------------------------------+-----
Fighting       | 4 5 7 8 9 12 16 | 16.7
Axes           | 3 4 5 7 8 10 12 14 16 | 16.8
Armour         | 4 5 6 8 9 10 11 | 11.0
Shields        | 4 5 |  5.1
Evocations     | 1 3 |  3.4
Invocations    | |  0.1

Action                     |  1- 3 |  4- 6 |  7- 9 | 10-12 | 13-15 || total
---------------------------+-------+-------+-------+-------+-------++-------
  Melee: War axe           |    79 |   146 |   200 |   380 |    23 ||   828
 Invoke: Lesser Servant of |       |       |       |       |     1 ||     1
  Evoke: Wand              |       |       |       |     8 |       ||     8
    Use: Scroll            |     2 |     3 |     2 |     6 |     4 ||    17
         Potion            |       |       |       |       |     9 ||     9
   Stab: Petrified         |       |       |       |    20 |       ||    20
 Armour: Scale mail        |    34 |    73 |    68 |     3 |       ||   178
         Acid dragon scale |       |       |       |   208 |    28 ||   236
  Dodge: Dodged            |    39 |    69 |    60 |   134 |    26 ||   328
  Block: Buckler           |    22 |    29 |    50 |    77 |     5 ||   183
